AoeStats
← zack

Hideout

514569867Analyzed
4v4 RM · 23d ago on Oct 18, 2026· 31m 9s· 8 players
Game mode
Random Map
Map size
Large (8 player)
Population
200
Speed
Normal
Resources
Standard
Victory
Conquest
Starting age
Dark Age
Ending age
Imperial Age
RankedLock teamsTeams togetherTeam positionsShared explorationLock speedFull tech treeHidden civsTurbo modeCheats
Victory
Defeat
1382
+11
1350
+12
🇭🇰 Mongols · Hong Kong SAR China
1238
+17
🇨🇳 Saracens · China
1034
+24
vs
🇹🇼 Shu · Taiwan
1284
-17
🇳🇱 Japanese · Netherlands
1244
-16
🇯🇵 Poles · Japan
1244
-16
🇨🇳 Wei · China
1234
-15
zack
11:24 Feudal Age
11:58 Double-Bit Axe
15:48 Castle Age
14:50 Horse Collar
15:47 Scale Barding Armor
16:55 Bow Saw
20:44 Gold Mining
24:10 Heavy Plow
24:18 Stone Mining
26:18 Wheelbarrow
25:29 Loom
25:30 Town Watch
28:00 Sanctity
27:43 Fletching
Theurarthur
9:53 Feudal Age
10:00 Man-at-Arms
11:16 Arson
16:19 Horse Collar
18:20 Double-Bit Axe
23:09 Castle Age
21:17 Fletching
21:32 Gold Mining
22:42 Padded Archer Armor
23:59 Bodkin Arrow
23:27 Crossbowman
25:31 Thumb Ring
26:04 Leather Archer Armor
28:39 Loom
GYLi
9:22 Feudal Age
9:22 Loom
uvacha
3:55 Loom
11:11 Feudal Age
13:17 Double-Bit Axe
13:15 Horse Collar
17:56 Castle Age
16:29 Bloodlines
16:59 Gold Mining
18:14 Scale Barding Armor
20:16 Forging
20:58 Wheelbarrow
21:34 Husbandry
25:00 Hand Cart
28:45 Chain Barding Armor
30:52 Heavy Plow
奥托大帝 Otto der Große
6:36 Loom
9:33 Feudal Age
11:44 Fletching
19:09 Double-Bit Axe
19:05 Horse Collar
25:02 Castle Age
25:58 Scale Barding Armor
26:04 Forging
26:18 Bow Saw
26:09 Heavy Plow
27:27 Chain Barding Armor
28:08 Bloodlines
28:44 Iron Casting
28:08 Gold Mining
碰我村民就投
9:36 Feudal Age
13:52 Castle Age
13:33 Double-Bit Axe
13:30 Horse Collar
15:57 Bow Saw
15:46 Loom
16:26 Heavy Plow
19:41 Wheelbarrow
25:52 Fletching
26:02 Padded Archer Armor
26:44 Bodkin Arrow
26:49 Padded Archer Armor
27:09 Padded Archer Armor
28:08 Thumb Ring
29:21 Leather Archer Armor
31:05 Ballistics
33:29 Imperial Age
31:05 Husbandry
基米基米哦南北绿豆(o^^o
10:10 Feudal Age
13:53 Castle Age
12:10 Stone Mining
12:20 Double-Bit Axe
14:39 Horse Collar
17:29 Fletching
20:11 Bodkin Arrow
21:10 Gold Mining
22:36 Padded Archer Armor
24:05 Forging
25:23 Bloodlines
27:07 Ballistics
27:00 Scale Barding Armor
27:11 Husbandry
30:25 Wheelbarrow
31:11 Leather Archer Armor
Eleangt
10:15 Loom
12:04 Feudal Age
18:55 Double-Bit Axe
20:12 Horse Collar
21:56 Fletching
25:34 Castle Age
26:13 Bodkin Arrow
25:41 Crossbowman
Connection lost

Rejoining the realm…

Still unreachable

The connection could not be restored.

Session expired

The server has moved on; the page needs a fresh start.